 Dungeon Crawl Stone Soup version 0.31-a0-1-g4198be8af4 (webtiles) character file.

Game seed: 10935115927617885797

529 Ahpoh the Slasher (level 7, 0/35 HPs)
             Began as a Vine Stalker Warper on May 2, 2023.
             Was a Follower of Okawaru.
             Succumbed to a water moccasin's poison
             ... on level 5 of the Dungeon.
             The game lasted 00:11:21 (3410 turns).

Ahpoh the Slasher (Vine Stalker Warper)             Turns: 3410, Time: 00:11:21

Health: 0/35       AC: 10    Str: 13    XL:     7   Next: 24%
Magic:  9/12       EV:  7    Int: 19    God:    Okawaru [*.....]
Gold:   132        SH:  0    Dex: 16    Spells: 10/12 levels left

rFire   . . .        a - +0 great sword
rCold   . . .        (shield currently unavailable)
rNeg    . . .        z - +0 chain mail
rPois   .            (no helmet)
rElec   .            l - +0 cloak
rCorr   .            (no gloves)
SInv    .            (no boots)
Will    +....        (no amulet) Stlth
                     s - ring of willpower
HPRegen 1.05/turn    F - +6 ring of intelligence
MPRegen 0.13/turn

%: guardian spirit
@: lethally poisoned (0 -> -10)
A: fangs 2, regeneration 1, magic shield, antimagic bite, no potion heal 2
a: Renounce Religion, Heroism


You were on level 5 of the Dungeon.
You worshipped Okawaru.
Okawaru was aware of your devotion.
You visited 1 branch of the dungeon, and saw 5 of its levels.

You collected 186 gold pieces.
You spent 54 gold pieces at shops.

Inventory:

Hand Weapons
 a - a +0 great sword (weapon)
 p - a +0 long sword
Missiles
 d - 7 boomerangs of dispersal (quivered)
 x - 6 boomerangs
Armour
 b - an orb of energy
 l - a +0 cloak (worn)
 z - a +0 chain mail (worn)
 E - a scarf of shadows
Jewellery
 s - a ring of willpower (left hand)
 F - a +6 ring of intelligence (right hand)
Wands
 A - a wand of roots (7)
 B - a wand of polymorph (4)
 H - a wand of flame (15)
Scrolls
 c - a scroll of blinking
 e - 3 scrolls of vulnerability {unknown}
 f - a scroll of silence {unknown}
 h - a scroll of fog {unknown}
 i - a scroll of teleportation {unknown}
 j - 2 scrolls of identify
 k - 3 scrolls of amnesia
 o - a scroll of magic mapping {unknown}
 q - a scroll of noise {unknown}
 r - a scroll of immolation {unknown}
 u - 2 scrolls of fear {unknown}
 y - a scroll of butterflies {unknown}
 J - a scroll of poison {unknown}
Potions
 g - a potion of brilliance
 m - a potion of mutation {unknown}
 n - 2 potions of cancellation
 t - a potion of lignification
 v - a potion of heal wounds
 w - a potion of berserk rage {unknown}
 C - a potion of curing {unknown}
 D - 2 potions of ambrosia {unknown}
 G - a potion of flight {unknown}
 I - a potion of haste


   Skills:
 + Level 2.7 Fighting
 + Level 4.7 Long Blades
 + Level 0.8 Throwing
 + Level 2.8 Armour
 + Level 2.0 Dodging
 + Level 1.2 Stealth
 + Level 3.0 Spellcasting
 + Level 3.7 Translocations


You had 10 spell levels left.
You knew the following spells:

 Your Spells              Type           Power      Damage    Failure   Level
a - Blink                 Tloc           34%        N/A       69%         2

Your spell library contained the following spells:

 Spells                   Type           Power      Damage    Failure   Level
 Lesser Beckoning         Tloc           34%        N/A       69%         2
 Gell's Gravitas          Tloc           17%        N/A       89%         3
 Teleport Other           Tloc           17%        N/A       89%         3
 Vhi's Electric Charge    Tloc/Air       18%        N/A       99%         3
 Manifold Assault         Tloc           17%        N/A       100%        4
 Fireball                 Conj/Fire      1%         3d3       100%        5
 Iskenderun's Battlesphe  Conj           2%         2d6       100%        5
 Conjure Ball Lightning   Conj/Air       1%         3x3d6     100%        6
 Orb of Destruction       Conj           1%         9d5       100%        7
 Storm Form               Tmut/Air       1%         N/A       100%        7
 Maxwell's Capacitive Co  Air            1%         ∞         100%        8
 Summon Lightning Spire   Summ/Air       Unusable   N/A       N/A         4

Dungeon Overview and Level Annotations

Branches:
Dungeon (5/15)
 Temple: D:4-7

Altars:
Ashenzari
Gozag
Nemelex Xobeh
Okawaru
Vehumet
Wu Jian
Xom
Zin

Shops:
D:4 [*

Annotations:
D:3 2 transporters


Innate Abilities, Weirdness & Mutations

You have extremely sharp teeth.
Your natural rate of healing is unusually fast.
When hurt, damage is shared between your health and your magic reserves.
Your bite disrupts and absorbs the magic of your enemies.
Potions cannot restore your health.


Message History

You closely miss the water moccasin.
The water moccasin is severely wounded.
The water moccasin bites you but does no damage.
The water moccasin bites you.
You are poisoned.
The water moccasin poisons you!
You miss the water moccasin. Your bite misses the water moccasin.
The water moccasin is severely wounded.
You feel very sick. The water moccasin barely misses you.
The water moccasin bites you.
You are more poisoned.
The water moccasin poisons you!
You miss the water moccasin. Your bite misses the water moccasin.
The water moccasin is severely wounded.
You feel extremely sick. The water moccasin barely misses you.
The water moccasin bites you.
You are more poisoned.
The water moccasin poisons you!
You closely miss the water moccasin.
The water moccasin is severely wounded.
You feel extremely sick. The water moccasin barely misses you.
The water moccasin bites you but does no damage.
You closely miss the water moccasin.
The water moccasin is severely wounded.
You feel very sick. The water moccasin bites you.
You are lethally poisoned!
The water moccasin poisons you!
The water moccasin bites you but does no damage.
You slash the water moccasin!
The water moccasin is almost dead.
* * * LOW HITPOINT WARNING * * *
You feel extremely sick. The water moccasin bites you.
* * * LOW HITPOINT WARNING * * *
The water moccasin bites you but does no damage.
You barely miss the water moccasin. Your bite misses the water moccasin.
The water moccasin is almost dead.
You die...

............#
...........## ##....##
...........# #......#
...........# ##......##
..........## #........##
..........####.........#
............##.........#
.........##......S......
........####....@.......
######### ###.........#
###..?...## ####.### ##


You could see a water moccasin.

Vanquished Creatures
  Sigmund (D:5)
  An ice beast (D:5)
  A scorpion (D:5)
  A sleepcap (D:4)
  Natasha (thrice) (D:4)
  4 adders
  A white imp (D:4)
  An ufetubus (D:5)
  2 dart slugs (D:4)
  6 orcs (D:4)
  6 endoplasms
  2 giant cockroaches
  2 goblins
  6 hobgoblins
  2 jackals (D:3)
  11 kobolds
  5 quokkas
  5 ball pythons
  A frilled lizard (D:3)
  6 rats
67 creatures vanquished.

Notes
Turn   | Place    | Note
-------+----------+-------------------------------------------
     0 | D:1      | Ahpoh the Vine Stalker Warper began the quest for the Orb.
     0 | D:1      | Reached XP level 1. HP: 11/11 MP: 4/4
    42 | D:1      | Found a faded altar of an unknown god.
   157 | D:1      | Reached skill level 1 in Armour
   244 | D:1      | Reached XP level 2. HP: 15/15 MP: 6/6
   789 | D:2      | Reached XP level 3. HP: 18/18 MP: 7/7
   993 | D:2      | Reached skill level 2 in Long Blades
  1096 | D:2      | Learned a level 2 spell: Blink
  1472 | D:3      | Found an iron altar of Okawaru.
  1486 | D:3      | Became a worshipper of Warmaster Okawaru
  1561 | D:3      | Found a transporter.
  1569 | D:3      | Found a transporter.
  1657 | D:3      | Gained mutation: Your natural rate of healing is unusually
                  | fast. [Vine Stalker growth]
  1657 | D:3      | Reached XP level 4. HP: 20/23 MP: 6/8
  1718 | D:3      | Found a shimmering altar of Xom.
  1718 | D:3      | Found a shimmering altar of Xom.
  1719 | D:3      | Found a shimmering altar of Xom.
  1720 | D:3      | Found a shimmering altar of Xom.
  1720 | D:3      | Found a shimmering altar of Xom.
  1770 | D:3      | Found a glowing silver altar of Zin.
  2065 | D:4      | Found a broken altar of Ashenzari.
  2079 | D:4      | Noticed Natasha
  2094 | D:4      | Killed Natasha
  2247 | D:4      | Reached skill level 3 in Long Blades
  2247 | D:4      | Reached XP level 5. HP: 26/26 MP: 5/9
  2400 | D:4      | Found Jipimiaq's Assorted Antiques.
  2436 | D:4      | Found Egoiseig's Armour Shop.
  2445 | D:4      | Bought a +0 chain mail for 54 gold pieces
  2501 | D:4      | Noticed Natasha
  2516 | D:4      | Killed Natasha
  2556 | D:4      | Found an ornate altar of the Wu Jian Council.
  2617 | D:4      | Noticed Natasha
  2627 | D:4      | Killed Natasha
  2838 | D:4      | Found a sparkling altar of Nemelex Xobeh.
  2839 | D:4      | Found an opulent altar of Gozag.
  2973 | D:5      | Entered Level 5 of the Dungeon
  2974 | D:5      | Found a radiant altar of Vehumet.
  3033 | D:5      | Noticed an ice beast
  3045 | D:5      | Killed an ice beast
  3045 | D:5      | Reached * piety under Okawaru
  3046 | D:5      | Reached skill level 1 in Stealth
  3046 | D:5      | Reached XP level 6. HP: 12/32 MP: 2/11
  3201 | D:5      | Reached skill level 4 in Long Blades
  3294 | D:5      | Noticed Sigmund
  3313 | D:5      | Killed Sigmund
  3314 | D:5      | Reached XP level 7. HP: 35/35 MP: 8/12
  3410 | D:5      | Succumbed to a water moccasin's poison

Illustrated notes

Levels and vault maps discovered:
D:1:      spicycebolla_green_bress_n_ham, layout_loops_ring,
          hellmonk_ecumenical_altar_leap_of_faith
D:2:      layout_loops_ring, feat_on_display
D:3:      gammafunk_steamed_eel, layout_rooms, xom_redecorated, zin_statuary,
          mainiacjoe_overflow_24_doors
D:4:      layout_loops_ring, grunt_temple_overflow_opulence,
          nicolae_wu_jian_wuxing_cycle, ashenzari_conservatory_becter,
          serial_shops, nicolae_shop_tiny_glass, shop, uniq_natasha
D:5:      layout_cave_pods, fiery_altar_vehumet, uniq_sigmund

Skill      XL: |  1  2  3  4  5  6 |
---------------+-------------------+-----
Armour         | 1 2 |  2.8
Fighting       | 2 |  2.7
Long Blades    | 2 3 4 |  4.7
Dodging        | 2 |  2.0
Stealth        | 1 |  1.2
Spellcasting   | 3 |  3.0
Throwing       | |  0.8
Translocations | |  3.7

Action                     |  1- 3 |  4- 6 |  7- 9 || total
---------------------------+-------+-------+-------++-------
  Melee: Falchion          |    46 |       |       ||    46
         Bite              |    20 |    28 |     3 ||    51
         Punch             |     1 |       |       ||     1
         Great sword       |    25 |    90 |    12 ||   127
         Long sword        |    11 |       |       ||    11
         Unarmed           |       |     5 |       ||     5
 Invoke: Heroism           |       |     1 |       ||     1
  Evoke: Wand              |       |     1 |       ||     1
    Use: Scroll            |     4 |     2 |       ||     6
         Potion            |       |     1 |       ||     1
   Stab: Sleeping          |       |     2 |       ||     2
 Armour: Leather armour    |    37 |    17 |       ||    54
         Chain mail        |       |    37 |     9 ||    46
  Dodge: Dodged            |    48 |    72 |     7 ||   127

Table legend: (Time is in decaauts)
 A = Elapsed time spent in this place.
 B = Non-inter-level travel time spent in this place.
 C = Inter-level travel time spent in this place.
 D = Time resting spent in this place.
 E = Time spent auto-exploring this place.
 F = Levels seen in this place.
 G = Mean time per level.
                   A        B        C        D        E       F      G
               +--------+--------+--------+--------+--------+-----+--------+
         Total |   3472 |   3411 |     61 |     69 |   2320 |   5 |  694.4 |
       Dungeon |   3472 |   3411 |     61 |     69 |   2320 |   5 |  694.4 |
               +--------+--------+--------+--------+--------+-----+--------+

Top non-repeatable levels by time:
     D:4: 1063 daAuts
     D:2: 776 daAuts
     D:3: 626 daAuts
     D:1: 567 daAuts
     D:5: 438 daAuts
